[Event "Team 45 45 League T44"]
[Site "Internet Chess Club"]
[Date "2010.02.11"]
[Round "2"]
[White "Vaigpertu"]
[Black "Warren"]
[Result "1-0"]
[WhiteElo "2275"]
[BlackElo "2275"]
[Opening "Benkö gambit"]
[ECO "A57"]
[Time "18:00:30"]
[TimeControl "2700+45"]

1. d4 Nf6 2. c4 c5 3. d5 b5 4. Qc2 bxc4 5. e4 e6 6. Nc3 exd5 7. e5 Bb7 8. exf6
Qxf6 9. Nf3 Bd6 10. Qe2+ Qe6 11. Nb5 Ke7 12. Nxd6 Kxd6 13. Bf4+ Ke7 14. O-O-O f6
15. Qc2 Kf7 16. Bxc4 dxc4 17. Rhe1 Qa6 18. Ng5+ fxg5 19. Bd6 Rc8 20. Re7+ {Black
forfeits on time} 1-0

[Event "Team 45 45 League T44"]
[Site "Internet Chess Club"]
[Date "2010.02.20"]
[Round "2"]
[White "jpitt"]
[Black "trucazzo"]
[Result "0-1"]
[WhiteElo "2389"]
[BlackElo "2183"]
[Opening "Budapest: Fajarowicz variation"]
[ECO "A51"]
[Time "06:25:14"]
[TimeControl "2700+45"]

1. d4 Nf6 2. c4 e5 3. dxe5 Ne4 4. Nd2 Nc5 5. Ngf3 Nc6 6. g3 d6 7. exd6 Bxd6 8.
Bg2 Bf5 9. O-O Qe7 10. Nb3 O-O-O 11. Be3 h5 12. Nfd4 Nxd4 13. Nxd4 Be4 14. Bh3+
Kb8 15. f3 Bd3 16. Bf2 Bxc4 17. Qc2 Bd5 18. Rfd1 Be6 19. Bg2 h4 20. g4 g6 21.
Nb5 b6 22. b4 Na6 23. a3 f5 24. f4 c5 25. Nxd6 Rxd6 26. bxc5 Nxc5 27. Qb2 Rxd1+
28. Rxd1 Rc8 29. Bd4 Nd7 30. Qb5 Bc4 31. Qxd7 Qxd7 32. Be5+ Qc7 33. Rd7 fxg4 34.
Kf2 g5 35. Rxc7 Rxc7 36. fxg5 Kc8 37. Bxc7 Kxc7 38. Be4 Kd6 39. Bf5 Be6 40. Bd3
Ke5 41. Ke3 Bf5 42. Bb5 Be4 43. Bd7 g3 44. hxg3 hxg3 45. Bh3 Bd5 46. Bg4 a5 47.
Bd7 Bb7 48. Bh3 Bc6 49. Bc8 b5 50. Bh3 b4 51. axb4 axb4 52. Kd3 Bb5+ 53. Ke3 b3
54. Kd2 Bxe2 55. g6 Bc4 56. Bg2 Kf5 57. g7 Kf6 58. Ke3 b2 59. Be4 Kxg7 60. Kf3
Bd5 {White resigns} 0-1

[Event "Team 45 45 League T44"]
[Site "Internet Chess Club"]
[Date "2010.02.13"]
[Round "2"]
[White "lluisdp"]
[Black "blackswood"]
[Result "1-0"]
[WhiteElo "2033"]
[BlackElo "1950"]
[Opening "Queen's pawn game"]
[ECO "A46"]
[Time "13:00:32"]
[TimeControl "2700+45"]

1. d4 Nf6 2. Nf3 c5 3. c3 e6 4. Bf4 b6 5. e3 Bb7 6. Nbd2 Be7 7. h3 O-O 8. Bd3 d6
9. O-O Nbd7 10. Qe2 Qc7 11. e4 Rfd8 12. e5 dxe5 13. dxe5 Bxf3 14. Nxf3 Nd5 15.
Bh2 Nf8 16. Nd2 Ng6 17. f4 Ndxf4 18. Bxf4 Nxf4 19. Rxf4 Bg5 20. Raf1 Bxf4 21.
Rxf4 Qd7 22. Rf3 b5 23. Ne4 c4 24. Bc2 Qd5 25. Ng5 f5 26. exf6 gxf6 27. Qxe6+
Qxe6 28. Nxe6 Rd6 29. Nd4 b4 30. Rf5 bxc3 31. bxc3 Rc8 32. Ra5 Rc7 33. Kh2 Rdd7
34. Bf5 Re7 35. Be6+ Kh8 36. Ra6 Rb7 37. Bxc4 Rec7 38. Bd5 Rb2 39. c4 Rb6 40.
Ra3 Rd7 41. Re3 {Black resigns} 1-0

[Event "Team 45 45 League T44"]
[Site "Internet Chess Club"]
[Date "2010.02.14"]
[Round "2"]
[White "cerassee"]
[Black "PopolVuh"]
[Result "0-1"]
[WhiteElo "2069"]
[BlackElo "1907"]
[Opening "Old Benoni defense"]
[ECO "A46"]
[Time "18:00:47"]
[TimeControl "2700+45"]

1. d4 Nf6 2. Nf3 c5 3. d5 d6 4. Nc3 g6 5. h3 Bg7 6. e4 O-O 7. Be2 b5 8. Nxb5
Nxe4 9. O-O Nd7 10. Bd3 Nef6 11. c4 a6 12. Nc3 e6 13. dxe6 fxe6 14. Re1 Nb6 15.
Ng5 Re8 16. Qf3 Ra7 17. Bf4 e5 18. Be3 Rd7 19. Rad1 Bb7 20. Qg3 e4 21. Bf1 h6
22. Ngxe4 Nxe4 23. Qxg6 Nxc3 24. bxc3 Be4 25. Qg4 Re5 26. Bxh6 Bf5 27. Qg3 Qf6
28. Rxd6 Qxd6 29. Rxe5 Qxe5 30. Bf4 Qxc3 {White resigns} 0-1

[Event "Team 45 45 League T44"]
[Site "Internet Chess Club"]
[Date "2010.02.15"]
[Round "2"]
[White "frothyjowels"]
[Black "andretta"]
[Result "1-0"]
[WhiteElo "2319"]
[BlackElo "2349"]
[Opening "Caro-Kann defense"]
[ECO "B10"]
[Time "21:02:37"]
[TimeControl "2700+45"]

1. e4 c6 2. Nf3 d5 3. exd5 cxd5 4. d4 Nc6 5. c4 Nf6 6. Nc3 Bg4 7. Be2 e6 8. cxd5
Nxd5 9. O-O Be7 10. h3 Bh5 11. Ne5 Bxe2 12. Qxe2 Nxc3 13. bxc3 Nxe5 14. Qxe5 O-O
15. Rb1 b6 16. Bf4 Rc8 17. Rfc1 Rc4 18. Rb3 Qd7 19. Re1 Bf6 20. Qe4 Rfc8 21. Re3
e5 22. Bxe5 Bxe5 23. Qxe5 g6 24. Qg5 Qa4 25. Re2 Rxc3 26. Rxc3 Rxc3 27. Qd8+ Kg7
28. Re8 Qd1+ 29. Kh2 Rc2 30. Rg8+ Kh6 31. Qh4+ Qh5 32. Qf4+ g5 33. Qd6+ {Black
resigns} 1-0

[Event "Team 45 45 League T44"]
[Site "Internet Chess Club"]
[Date "2010.02.13"]
[Round "2"]
[White "YoniKer"]
[Black "eurander"]
[Result "0-1"]
[WhiteElo "2156"]
[BlackElo "2221"]
[Opening "Caro-Kann: Tartakower (fantasy) variation"]
[ECO "B12"]
[Time "03:06:55"]
[TimeControl "2700+45"]

1. e4 c6 2. d4 d5 3. f3 dxe4 4. fxe4 e5 5. Nf3 Bg4 6. Bc4 Nd7 7. O-O Ngf6 8.
dxe5 Bxf3 9. Qxf3 Nxe5 10. Bxf7+ Nxf7 11. Nc3 Bc5+ 12. Kh1 O-O 13. Bf4 Qe7 14.
Rae1 Ne5 15. Qe2 Nfd7 16. Nd1 Rf7 17. Ne3 Bxe3 18. Bxe3 Rxf1+ 19. Rxf1 Rf8 20.
Rxf8+ Qxf8 21. Kg1 b6 22. Qa6 Qb4 23. Bf2 Qxb2 24. h3 Qb1+ 25. Kh2 Qxc2 26. Bg3
{White resigns} 0-1

[Event "Team 45 45 League T44"]
[Site "Internet Chess Club"]
[Date "2010.02.13"]
[Round "2"]
[White "frontier"]
[Black "RedAttack"]
[Result "1/2-1/2"]
[WhiteElo "1972"]
[BlackElo "2012"]
[Opening "QGD Slav: 4.Nc3"]
[ECO "D15"]
[Time "12:02:04"]
[TimeControl "2700+45"]

1. c4 c6 2. Nf3 Nf6 3. d4 d5 4. Nc3 Bf5 5. e3 e6 6. Bd3 Bxd3 7. Qxd3 Nbd7 8. O-O
Be7 9. b3 O-O 10. Bb2 Qc7 11. Rac1 Rad8 12. Rfd1 dxc4 13. Qxc4 Nb6 14. Qe2 Nfd5
15. Ne4 h6 16. Ne5 Nd7 17. f4 f5 18. Nc3 Nxe5 19. dxe5 Qb6 20. Nxd5 Rxd5 21.
Rxd5 cxd5 22. Bd4 Qa5 23. Qc2 Ba3 24. Qc3 Qb5 25. Rc2 a6 26. h3 Kh7 27. Qc7 Re8
28. Bc5 Bxc5 29. Qxc5 Qxc5 30. Rxc5 Re7 31. Kf2 g5 32. g4 Kg6 33. Kf3 h5 34.
gxh5+ Kxh5 35. Rc8 Rh7 36. Rg8 gxf4 37. Kxf4 Rc7 38. Re8 Rc6 39. h4 Rb6 40. Rh8+
Kg6 41. h5+ Kg7 42. Re8 Kh6 {Game drawn by mutual agreement} 1/2-1/2

[Event "Team 45 45 League T44"]
[Site "Internet Chess Club"]
[Date "2010.02.13"]
[Round "2"]
[White "xakelari"]
[Black "Freitac"]
[Result "1-0"]
[WhiteElo "2059"]
[BlackElo "2002"]
[Opening "Caro-Kann: exchange variation"]
[ECO "B13"]
[Time "12:00:22"]
[TimeControl "2700+45"]

1. e4 c6 2. d4 d5 3. exd5 cxd5 4. Bd3 Nc6 5. c3 Qc7 6. Ne2 Bg4 7. f3 Bd7 8. Bf4
e5 9. dxe5 Nxe5 10. Bc2 Bd6 11. Ba4 Bc6 12. O-O Ne7 13. Nd4 O-O 14. Bb3 N7g6 15.
Bg3 Nc4 16. Bxd6 Qxd6 17. Rf2 Rfe8 18. a4 Re3 19. Nf5 Qe5 20. Nxe3 Qxe3 21. Bxc4
dxc4 22. Na3 Nf4 23. Nxc4 Qc5 24. b3 Re8 25. Kf1 Nd5 26. Qd4 Qe7 27. Rd1 h6 28.
Kg1 a6 29. Na5 Qg5 30. Nxc6 bxc6 31. Rfd2 Nf4 32. Qd6 Nh3+ 33. Kf1 Nf4 34. g3
Nd5 35. Rxd5 cxd5 36. Qxd5 Qe3 37. Qd3 Qc5 38. b4 Qb6 39. Qd4 Qc6 40. Kf2 Qxa4
41. Qd7 Qa2+ 42. Rd2 Qe6 43. Qxe6 Rxe6 44. c4 Kf8 45. c5 Ke7 46. Re2 Kd7 47.
Rxe6 fxe6 48. Ke3 Kc6 49. Kd4 Kb5 50. Ke5 Kxb4 51. c6 a5 52. c7 a4 53. c8=Q Kb3
54. Qxe6+ Kb2 55. Qb6+ Ka2 56. Qb4 a3 57. Kd4 {Black resigns} 1-0

[Event "Team 45 45 League T44"]
[Site "Internet Chess Club"]
[Date "2010.02.14"]
[Round "2"]
[White "Checkmates"]
[Black "deepbloopers"]
[Result "1/2-1/2"]
[WhiteElo "2375"]
[BlackElo "2188"]
[Opening "King's Indian defense, 3.Nc3"]
[ECO "E61"]
[Time "10:00:27"]
[TimeControl "2700+45"]

1. d4 Nf6 2. c4 g6 3. Nc3 Bg7 4. Bg5 d6 5. e3 O-O 6. Nf3 c5 7. d5 h6 8. Bh4 a6
9. Nd2 Nbd7 10. Be2 Nh7 11. O-O f5 12. f4 Ndf6 13. Qc2 Qe8 14. Bd3 e6 15. dxe6
Bxe6 16. Rae1 d5 17. cxd5 Nxd5 18. Nxd5 Bxd5 19. Qxc5 Qf7 20. Qxd5 Qxd5 21. Bc4
Qxc4 22. Nxc4 b5 23. Nb6 Rae8 24. b3 Nf6 25. Bxf6 Rxf6 26. Nd7 Rd6 27. Rd1 Rxd1
28. Rxd1 Rxe3 {Game drawn by mutual agreement} 1/2-1/2

[Event "Team 45 45 League T44"]
[Site "Internet Chess Club"]
[Date "2010.02.14"]
[Round "2"]
[White "Zumbi"]
[Black "technika"]
[Result "0-1"]
[WhiteElo "2035"]
[BlackElo "2005"]
[Opening "Sicilian: Nimzovich-Rossolimo attack (without ...d6)"]
[ECO "B30"]
[Time "14:24:45"]
[TimeControl "2700+45"]

1. e4 c5 2. Nf3 Nc6 3. Bb5 Nd4 4. Nxd4 cxd4 5. O-O a6 6. Bc4 Nf6 7. e5 d5 8.
exd6 e6 9. c3 Bxd6 10. d3 O-O 11. Bg5 Rb8 12. Nd2 b5 13. Bb3 Bb7 14. Nf3 dxc3
15. bxc3 Qc7 16. Rc1 Ng4 17. h3 Bxf3 18. gxf3 Be7 19. fxg4 Bxg5 20. Rc2 Rfd8 21.
d4 a5 22. a4 bxa4 23. Bxa4 Qc4 24. Qa1 Bf4 25. Ra2 Qd3 26. Kg2 Rbc8 27. Ra3 Bd6
28. Rb3 Qe4+ 29. f3 Qf4 30. Kf2 Qd2+ {White resigns} 0-1

[Event "Team 45 45 League T44"]
[Site "Internet Chess Club"]
[Date "2010.02.18"]
[Round "2"]
[White "BRAINWAVE"]
[Black "PaulKaspar"]
[Result "0-1"]
[WhiteElo "1809"]
[BlackElo "1957"]
[Opening "Queen's pawn game"]
[ECO "D00"]
[Time "15:25:58"]
[TimeControl "2700+45"]

1. d4 d5 2. f4 e6 3. Nf3 c5 4. c3 Nf6 5. e3 Nc6 6. Nbd2 Be7 7. Bd3 Ng4 8. Qe2
Bh4+ 9. Nxh4 Qxh4+ 10. g3 Qh3 11. dxc5 O-O 12. Nf3 f5 13. Bd2 Bd7 14. O-O-O b6
15. Ng5 Qh5 16. h3 Nf6 17. cxb6 Qxe2 18. Bxe2 axb6 19. Kb1 h6 20. Nf3 Ra7 21. c4
Rfa8 22. cxd5 exd5 23. a3 Rc8 24. Bc3 Ne4 25. Be1 Be6 26. Nd4 Nxd4 27. Rxd4 Rac7
28. Bf3 Rc1+ 29. Ka2 Kf7 30. g4 R8c4 31. gxf5 Bxf5 32. Rxd5 Be6 33. Bh5+ g6 34.
Bxg6+ Kxg6 35. f5+ Bxf5 36. Rg1+ Kf6 37. Bh4+ Ke6 38. Rxc1 Rxc1 39. Rb5 Bxh3 40.
Rxb6+ Ke5 41. Rb5+ Rc5 42. Rxc5+ Nxc5 43. b4 Be6+ 44. Kb2 Na4+ 45. Kc2 Ke4 46.
Kd2 h5 47. Be7 Nb6 48. Ke2 Bd7 49. Kf2 Nc4 50. Bc5 Nxa3 51. Kg3 Kd5 52. Kf4 h4
53. e4+ Kc6 54. Ke5 h3 55. Bg1 Nc2 56. Kf6 Nxb4 57. e5 Kd5 58. Bh2 Nd3 59. Kg5
Nxe5 60. Kf4 Ke6 61. Kg3 Kf6 62. Bg1 Kg5 63. Be3+ Kh5 64. Bg1 Nf7 65. Bh2 Bg4
66. Bg1 Ng5 67. Be3 Nf3 68. Bg1 {White resigns} 0-1

[Event "Team 45 45 League T44"]
[Site "Internet Chess Club"]
[Date "2010.02.15"]
[Round "2"]
[White "egyptiantiger"]
[Black "zeigmata"]
[Result "0-1"]
[WhiteElo "2124"]
[BlackElo "2388"]
[Opening "QGD semi-Slav: anti-Meran, Lilienthal variation"]
[ECO "D44"]
[Time "15:30:05"]
[TimeControl "2700+45"]

1. d4 d5 2. c4 c6 3. Nf3 Nf6 4. Nc3 e6 5. Bg5 dxc4 6. e4 b5 7. e5 h6 8. Bh4 g5
9. Nxg5 hxg5 10. Bxg5 Nbd7 11. g3 Bb7 12. exf6 c5 13. d5 Qb6 14. Bg2 O-O-O 15.
O-O b4 16. Na4 Qb5 17. a3 exd5 18. Bxd5 Ne5 19. Qe2 Rxd5 20. f4 Qc6 21. fxe5
Rxe5 22. Qg4+ Re6 23. Rf3 Qxf3 24. Qxf3 Bxf3 25. h4 Ra6 26. axb4 Bc6 27. Nb6+
Rxb6 28. Rxa7 Bb7 29. b5 Rxb5 30. Ra1 Bh6 31. Ra4 Bxg5 32. hxg5 {White resigns}
0-1

[Event "Team 45 45 League T44"]
[Site "Internet Chess Club"]
[Date "2010.02.21"]
[Round "2"]
[White "pentti63"]
[Black "Paulkov"]
[Result "0-1"]
[WhiteElo "2205"]
[BlackElo "2146"]
[Opening "Benoni defense"]
[ECO "A61"]
[Time "17:00:38"]
[TimeControl "2700+45"]

1. d4 Nf6 2. c4 c5 3. d5 e6 4. Nc3 exd5 5. cxd5 d6 6. Nf3 g6 7. Bf4 a6 8. e4 b5
9. Qe2 Nh5 10. Bg5 Be7 11. Bh6 Bf8 12. Qe3 Bxh6 13. Qxh6 Nd7 14. a4 b4 15. Nd1
Qf6 16. Nd2 Ne5 17. Qe3 O-O 18. Be2 Nf4 19. O-O Qg5 20. g3 Nxe2+ 21. Qxe2 Qxd2
22. Qxd2 Nf3+ 23. Kg2 Nxd2 24. Re1 Re8 25. f3 {White resigns} 0-1

[Event "Team 45 45 League T44"]
[Site "Internet Chess Club"]
[Date "2010.02.11"]
[Round "2"]
[White "miazga"]
[Black "NFork"]
[Result "0-1"]
[WhiteElo "2021"]
[BlackElo "2305"]
[Opening "Polish: Outflank variation"]
[ECO "A00"]
[Time "13:03:01"]
[TimeControl "2700+45"]

1. b4 c6 2. Bb2 Qb6 3. a3 a5 4. c4 axb4 5. c5 Qc7 6. axb4 Rxa1 7. Bxa1 Na6 8. e4
Nxb4 9. Qa4 Na6 10. Bxa6 bxa6 11. Nf3 Nf6 12. O-O e6 13. Qc2 Be7 14. d3 O-O 15.
Be5 Qd8 16. Nbd2 Ne8 17. Rb1 f6 18. Bg3 Nc7 19. Rb8 Nb5 20. d4 d5 21. h3 Qd7 22.
Qa2 Bb7 23. Rxf8+ Kxf8 24. exd5 exd5 25. Qc2 Kg8 26. Nf1 Bc8 27. Ne3 Qe6 28. Qd2
Bd8 29. h4 Qe4 30. Nc2 a5 31. Nfe1 Bf5 32. f3 Qe6 33. Ne3 a4 34. Nxf5 Qxf5 35.
Qe3 Kf7 36. Nd3 Ba5 37. Bd6 Qe6 38. Qf4 Ke8 39. Qg3 Qd7 40. h5 Nxd4 41. Qh4 Bc3
42. h6 g6 43. Kf1 Qf5 44. Nc1 Qc2 45. Kg1 Qxc1+ 46. Kh2 Nf5 47. Qxa4 Qxh6+ 48.
Kg1 Bd4+ 49. Kf1 Qc1+ 50. Ke2 Qe3+ 51. Kd1 Qd3+ 52. Kc1 Qf1+ 53. Kd2 {White
resigns} 0-1

[Event "Team 45 45 League T44"]
[Site "Internet Chess Club"]
[Date "2010.02.14"]
[Round "2"]
[White "shakkimestari"]
[Black "Zornorph"]
[Result "1-0"]
[WhiteElo "2022"]
[BlackElo "2052"]
[Opening "Caro-Kann: exchange variation"]
[ECO "B13"]
[Time "09:01:53"]
[TimeControl "2700+45"]

1. e4 c6 2. d4 d5 3. exd5 cxd5 4. Bd3 Nc6 5. c3 g6 6. Nf3 Nh6 7. O-O Bg4 8. h3
Bf5 9. Re1 Bxd3 10. Qxd3 Qc7 11. Na3 a6 12. b4 b5 13. Nc2 Nf5 14. a4 Rb8 15. Ne5
Nxe5 16. dxe5 e6 17. g4 Ne7 18. Nd4 Qc4 19. Qxc4 bxc4 20. Bg5 Nc8 21. Bf6 Rg8
22. Reb1 Kd7 23. b5 axb5 24. axb5 Bc5 25. Nc6 Rb7 26. Ra8 Kc7 27. Kg2 h5 28. g5
Bb6 29. Nb4 Ra7 30. Na6+ Kd7 31. Rb8 Re8 32. Ra1 Rxa6 33. bxa6 Kc7 34. Rb7+ Kc6
35. Rxf7 Na7 36. Rg7 Nb5 37. a7 Ra8 38. Re7 Nc7 39. f4 Rxa7 40. Rxa7 Bxa7 41. f5
exf5 42. e6 Kd6 43. Rd7+ Kc6 44. Be5 Nb5 45. Rxd5 Kxd5 46. e7 {Black resigns}
1-0

[Event "Team 45 45 League T44"]
[Site "Internet Chess Club"]
[Date "2010.02.10"]
[Round "2"]
[White "easycure"]
[Black "f5"]
[Result "1/2-1/2"]
[WhiteElo "2387"]
[BlackElo "2146"]
[Opening "Sicilian: Pelikan, Chelyabinsk variation"]
[ECO "B33"]
[Time "16:06:35"]
[TimeControl "2700+45"]

1. e4 c5 2. Nf3 Nc6 3. d4 cxd4 4. Nxd4 Nf6 5. Nc3 e5 6. Ndb5 d6 7. Bg5 a6 8. Na3
b5 9. Nd5 Be7 10. Bxf6 Bxf6 11. c3 Ne7 12. Nc2 Nxd5 13. Qxd5 Rb8 14. Rd1 Bb7 15.
Qd3 O-O 16. Be2 Bg5 17. Bf3 a5 18. O-O b4 19. c4 Qc7 20. b3 Rbd8 21. a3 bxa3 22.
Ra1 Qc5 23. Rxa3 Ra8 24. Rd1 Ra6 25. Rda1 Rfa8 26. Qc3 Bd8 27. R3a2 Bb6 28. Ne3
Qb4 29. Nd5 Qxc3 30. Nxc3 Bd4 31. Rc1 Bxc3 32. Rxc3 Rb6 33. g3 {Game drawn by
mutual agreement} 1/2-1/2

[Event "Team 45 45 League T44"]
[Site "Internet Chess Club"]
[Date "2010.02.21"]
[Round "2"]
[White "Merciful"]
[Black "Ser-Enigma"]
[Result "1-0"]
[WhiteElo "2158"]
[BlackElo "2122"]
[Opening "Giuoco Pianissimo"]
[ECO "C55"]
[Time "15:12:03"]
[TimeControl "2700+45"]

1. e4 e5 2. Nf3 Nc6 3. Bc4 Nf6 4. d3 Bc5 5. c3 d6 6. Bb3 Bg4 7. O-O O-O 8. Re1
d5 9. exd5 Nxd5 10. h3 Bh5 11. g4 Bg6 12. Nxe5 Nxe5 13. Rxe5 c6 14. Qf3 Bd6 15.
Re1 Kh8 16. Na3 Bxa3 17. bxa3 Nxc3 18. Bb2 Nb5 19. Qf4 Qd7 20. h4 Rad8 21. h5
Bxd3 22. Rad1 Nd4 23. Re3 Nxb3 24. axb3 f6 25. Rexd3 Qxd3 26. Rxd3 Rxd3 27. h6
Rd5 28. Qb4 Rf7 29. Qf4 Rd1+ 30. Kg2 Rd8 31. g5 Rdf8 32. hxg7+ Kxg7 33. Bxf6+
Kg8 34. Qe3 b6 35. f4 Rc8 36. Qh3 Rcc7 37. Qe6 Kf8 38. Qd6+ {Black resigns} 1-0

[Event "Team 45 45 League T44"]
[Site "Internet Chess Club"]
[Date "2010.02.16"]
[Round "2"]
[White "jorobo"]
[Black "perikitosax"]
[Result "1/2-1/2"]
[WhiteElo "2142"]
[BlackElo "1999"]
[Opening "English: symmetrical variation"]
[ECO "A35"]
[Time "13:10:48"]
[TimeControl "2700+45"]

1. c4 c5 2. Nc3 Nc6 3. Nf3 e5 4. e3 Nf6 5. d4 cxd4 6. exd4 e4 7. Ne5 Bb4 8. Be2
d6 9. Nxc6 bxc6 10. O-O O-O 11. Bd2 d5 12. Nxe4 Be7 13. Nxf6+ Bxf6 14. cxd5 cxd5
15. Bf3 Be6 16. Bb4 Re8 17. Bc5 Qd7 18. b4 a5 19. a3 g6 20. Qd2 Bf5 21. bxa5 Be4
22. Bxe4 Rxe4 23. g3 h5 24. f3 Re6 25. Rae1 h4 26. Rxe6 Qxe6 27. Re1 Qf5 28. Kg2
hxg3 29. hxg3 Kg7 30. g4 Bg5 31. gxf5 Bxd2 32. Re5 Bxa5 33. fxg6 Kxg6 34. Rxd5
Bd2 35. Rd6+ Kf5 36. Rd7 Ke6 37. Re7+ Kf6 38. Ra7 Re8 39. d5 Bf4 40. Bd4+ Kg6
41. Ra6+ Kg5 42. Bf6+ Kf5 43. Bc3 Re2+ 44. Kf1 Rc2 45. Rf6+ Kg5 46. Rc6 Kf5 47.
Rf6+ Kg5 48. Rc6 Kf5 49. a4 Ra2 50. a5 Be5 51. Bxe5 Kxe5 52. a6 Kxd5 53. Rb6 Ke5
54. Ke1 f5 55. Kd1 Kf4 56. Rf6 Kg5 57. Rc6 Kf4 58. Rf6 Kg5 59. Rb6 Kf4 60. Rf6
Kg5 {Game drawn by repetition} 1/2-1/2

[Event "Team 45 45 League T44"]
[Site "Internet Chess Club"]
[Date "2010.02.12"]
[Round "2"]
[White "chess9793"]
[Black "gaibo4ever"]
[Result "1-0"]
[WhiteElo "1996"]
[BlackElo "1973"]
[Opening "Sicilian: dragon, Yugoslav attack, 9...Bd7"]
[ECO "B77"]
[Time "20:00:06"]
[TimeControl "2700+45"]

1. e4 c5 2. Nf3 d6 3. d4 cxd4 4. Nxd4 Nf6 5. Nc3 g6 6. Be3 Bg7 7. f3 Nc6 8. Qd2
O-O 9. Bc4 Bd7 10. h4 h5 11. O-O-O Ne5 12. Bb3 Rc8 13. Bg5 Rc5 14. Kb1 Re8 15.
g4 hxg4 16. h5 Nxh5 17. Rxh5 gxh5 18. Qh2 Ng6 19. Qxh5 Qa5 20. f4 Rxg5 21. fxg5
e6 22. Qxg4 Rc8 23. Nde2 Qe5 24. Rd3 a5 25. Qg3 Qxg3 26. Nxg3 Be5 27. Nge2 Kg7
28. Nd4 Rh8 29. a4 Rh4 30. Ndb5 Bxb5 31. Nxb5 Rxe4 32. Nxd6 Bxd6 33. Rxd6 Ne5
34. c3 Rg4 35. Rb6 Rxg5 36. Rxb7 Kf6 37. c4 Nd3 38. Rb5 Rg2 39. Bd1 e5 40. c5 e4
41. c6 Ke7 42. Rb7+ Kd6 43. Rd7+ Kxc6 44. Rxd3 f5 45. Kc1 Kc5 46. Rd2 Rg1 47.
Rf2 Rg5 48. Kd2 Kd4 49. Ke2 Ke5 50. Kf1 f4 51. Rg2 Rh5 52. Bxh5 f3 53. Bxf3 exf3
54. Rg5+ Kd4 55. Rxa5 Kc4 56. Rb5 Kd3 57. Kf2 Kc4 58. Kxf3 Kd3 59. a5 Kc4 60.
Rb8 Kc5 61. a6 Kc6 62. a7 Kd5 63. a8=Q+ Kd4 64. Qe4+ Kc5 65. b4+ Kd6 66. Rd8+
Kc7 67. Qd5 Kb6 68. Rd6+ Kc7 69. Rd7+ Kb6 70. Rb7+ {Black resigns} 1-0

[Event "Team 45 45 League T44"]
[Site "Internet Chess Club"]
[Date "2010.02.16"]
[Round "2"]
[White "Rookmaster"]
[Black "parrot9"]
[Result "1-0"]
[WhiteElo "1742"]
[BlackElo "1729"]
[Opening "Sicilian, Chekhover variation"]
[ECO "B53"]
[Time "16:01:57"]
[TimeControl "2700+45"]

1. e4 c5 2. Nf3 d6 3. d4 cxd4 4. Qxd4 Nc6 5. Bb5 Bd7 6. Bxc6 Bxc6 7. Nc3 Nf6 8.
Bg5 e6 9. O-O-O Be7 10. Rhe1 O-O 11. e5 dxe5 12. Qh4 Qc7 13. Nxe5 Rac8 14. Ng4
Nxg4 15. Bxe7 Nxf2 16. Bd6 Qb6 17. Bxf8 Nxd1 18. Bxg7 Kxg7 19. Qg5+ Kh8 20. Rxd1
Qf2 21. Ne4 Bxe4 22. Qe5+ Kg8 23. Qxe4 Qc5 24. c3 Qg5+ 25. Kc2 h5 26. Rd3 h4 27.
Qxb7 Rc5 28. g3 Qf5 29. Qb8+ Kg7 30. Qf4 hxg3 31. Qxf5 Rxf5 32. hxg3 Rf2+ 33.
Kb3 e5 34. c4 e4 35. Rd1 Rf3+ 36. Kb4 Rxg3 37. c5 f5 38. c6 Rg6 39. Rd7+ Kh6 40.
c7 Rc6 41. Rd6+ Rxd6 42. c8=Q Rf6 43. Qh8+ Kg6 44. Kc3 f4 45. Kd4 e3 46. Qg8+
Kf5 47. Qc8+ Re6 48. Kd3 Ke5 49. Qc5+ Kf6 50. Qd4+ Kf5 51. Ke2 Kg4 52. Qg7+ Kf5
53. Qxa7 Re5 54. Kf3 e2 55. Qf7+ Kg5 56. Qxf4+ {Black resigns} 1-0

[Event "Team 45 45 League T44"]
[Site "Internet Chess Club"]
[Date "2010.02.13"]
[Round "2"]
[White "Invicta-Knight"]
[Black "Timotheous"]
[Result "1/2-1/2"]
[WhiteElo "1527"]
[BlackElo "1606"]
[Opening "Bird's opening"]
[ECO "A02"]
[Time "15:10:10"]
[TimeControl "2700+45"]

1. f4 c5 2. e3 Nc6 3. b3 Nf6 4. Bb2 g6 5. Nf3 Bg7 6. Nc3 O-O 7. Ne2 d6 8. Ng3 e6
9. a3 b6 10. Bd3 Bb7 11. O-O Ne7 12. e4 d5 13. Qe2 dxe4 14. Nxe4 Nxe4 15. Bxg7
Kxg7 16. Bxe4 Rb8 17. Rad1 Nd5 18. Ne5 Qc7 19. Nd3 Ba6 20. c4 Nf6 21. Bf3 Rbd8
22. Ne5 Bb7 23. Qe3 Rd4 24. Bxb7 Qxb7 25. d3 Rfd8 26. Nf3 R4d6 27. Ne5 Rd4 28.
Nf3 {Game drawn by mutual agreement} 1/2-1/2

[Event "Team 45 45 League T44"]
[Site "Internet Chess Club"]
[Date "2010.02.15"]
[Round "2"]
[White "John3v16"]
[Black "dscvdchk"]
[Result "1/2-1/2"]
[WhiteElo "1628"]
[BlackElo "1594"]
[Opening "Grünfeld: exchange variation"]
[ECO "D85"]
[Time "14:00:13"]
[TimeControl "2700+45"]

1. d4 Nf6 2. c4 g6 3. Nc3 d5 4. cxd5 Nxd5 5. e4 Nxc3 6. bxc3 Bg7 7. f4 c5 8. Be3
O-O 9. h3 Nc6 10. Nf3 b6 11. Qd2 cxd4 12. cxd4 Bb7 13. Rd1 Rc8 14. Be2 Na5 15.
e5 Qd5 16. O-O Nc4 17. Bxc4 Rxc4 18. Rc1 Rfc8 19. a3 Qe4 20. Rxc4 Rxc4 21. Rc1
Bd5 22. Rxc4 Bxc4 23. Ng5 Qd5 24. Qb4 h6 25. Nf3 Bf8 26. Nd2 Ba6 27. Qa4 Bb7 28.
Nf3 Qe4 29. Kf2 a6 30. Qd7 e6 31. Qd8 b5 32. f5 Qxf5 33. Bxh6 Qc2+ 34. Kg3 Qc8
35. Qxc8 Bxc8 36. Bxf8 Kxf8 37. Nd2 Ke7 38. Kf4 Bb7 39. g4 a5 40. h4 Kf8 41. h5
Kg7 42. Nb3 a4 43. Nc5 Bc6 44. Kg5 gxh5 45. gxh5 b4 46. axb4 a3 47. Nb3 Bd5 48.
Na1 Bc4 49. h6+ Kh7 50. Kh5 a2 51. Kg5 {Game drawn by mutual agreement} 1/2-1/2

[Event "Team 45 45 League T44"]
[Site "Internet Chess Club"]
[Date "2010.02.12"]
[Round "2"]
[White "stputte"]
[Black "Fisherman77"]
[Result "1-0"]
[WhiteElo "1447"]
[BlackElo "1336"]
[Opening "Scandinavian (center counter) defense"]
[ECO "B01"]
[Time "09:00:20"]
[TimeControl "2700+45"]

1. e4 d5 2. exd5 Qxd5 3. Nc3 Qa5 4. d4 Nc6 5. d5 Ne5 6. Bf4 Ng6 7. Bb5+ Bd7 8.
Bxd7+ Kxd7 9. Qg4+ e6 10. dxe6+ fxe6 11. O-O-O+ Bd6 12. Qg3 Nxf4 13. Qxf4 Rf8
14. Qxf8 Qg5+ 15. Kb1 Qxg2 16. Nf3 Qxh1 17. Ne5# {Black checkmated} 1-0

[Event "Team 45 45 League T44"]
[Site "Internet Chess Club"]
[Date "2010.02.13"]
[Round "2"]
[White "Ivio"]
[Black "cknights"]
[Result "0-1"]
[WhiteElo "1796"]
[BlackElo "1834"]
[Opening "QGD Slav: Dutch variation"]
[ECO "D18"]
[Time "16:00:29"]
[TimeControl "2700+45"]

1. d4 d5 2. Nf3 c6 3. c4 Nf6 4. Nc3 dxc4 5. a4 Bf5 6. e3 e6 7. Bxc4 Bb4 8. Nd2
Qa5 9. Na2 Ne4 10. Nxb4 Qxb4 11. Bb3 c5 12. f3 Nf6 13. e4 Bg6 14. Qc2 Qxd4 15.
Nc4 Na6 16. Be3 Qd8 17. Rd1 Qc7 18. Nd6+ Ke7 19. O-O Rhd8 20. Nb5 Qc6 21. Rxd8
Rxd8 22. Nxa7 Qb6 23. Nb5 Nd5 24. Bxd5 exd5 25. Bf4 d4 26. Rd1 d3 27. Rxd3 Nb4
28. Rxd8 Nxc2 29. Rd2 Qa5 30. Bd6+ Kf6 31. e5+ Kg5 32. f4+ Kh6 33. Nc3 Nd4 34.
Rf2 Bd3 35. g4 Ne2+ 36. Kg2 Nxc3 37. Be7 Ne4 38. h4 f6 39. exf6 Nxf2 40. f7 Qd2
41. Bg5+ Kg6 42. f5+ Kxf7 43. Bxd2 Nxg4 44. Kg3 Bxf5 45. Kf4 g6 46. Bc3 h5 47.
Kg5 Ne3 48. a5 Ke6 49. Bd2 Nc4 50. Bc3 Kd5 51. Kf4 Nd6 52. Ke3 Kc4 53. Kd2 Ne4+
{White resigns} 0-1